 Dungeon Crawl Stone Soup version 0.19-a0-892-g8a19e52 (webtiles) character file.

13543 Moloch the Severer (level 11, -7/84 HPs)
             Began as a Demonspawn Fighter on July 4, 2016.
             Was a High Priest of Okawaru.
             Mangled by a wolf spider simulacrum (21 damage)
             ... in an ice cave.
             The game lasted 00:24:29 (10354 turns).

Moloch the Severer (Demonspawn Fighter)            Turns: 10354, Time: 00:24:29

Health: -7/84      AC: 23    Str: 24    XL:     11   Next: 77%
Magic:  9/11       EV:  0    Int: 13    God:    Okawaru [*****.]
Gold:   275        SH: 11    Dex: 12    Spells: 0 memorised, 10 levels left

rFire  . . .     SeeInvis .     D - +2 war axe (freeze)
rCold  . . .     Gourm    .     s - +1 crystal plate armour
rNeg   . . .     Faith    .     c - +0 shield
rPois  .         Spirit   .     o - +1 hat
rElec  .         Dismiss  .     (no cloak)
rCorr  +         Reflect  .     Q - +0 pair of gloves of Death's Door {Int+3} (curse)
SustAt .         Harm     .     (no boots)
MR     .....                    L - amulet of regeneration
Stlth  ..........               u - +4 ring of strength
                                C - ring of resist corrosion

@: heroism, not resistant to hostile enchantments, extremely unstealthy
A: antennae 2, molten scales 1, powered by death 2
a: Heroism, Finesse, Renounce Religion


You were in an ice cave.
You worshipped Okawaru.
Okawaru was extremely pleased with you.
You were not hungry.

You visited 2 branches of the dungeon, and saw 13 of its levels.
You also visited: Ice Cave.

You collected 745 gold pieces.
You spent 470 gold pieces at shops.

Inventory:

Hand Weapons
 l - a +2 whip of venom
 D - a +2 war axe of freezing (weapon)
Missiles
 a - 23 javelins (quivered)
 e - 4 throwing nets
Armour
 c - a +0 shield (worn)
 o - a +1 hat (worn)
 s - a +1 crystal plate armour (worn)
 Q - the cursed +0 pair of gloves of Death's Door (worn) {Int+3}
   (You bought it in a shop on level 10 of the Dungeon)

   It affects your intelligence (+3).
   It has a curse placed upon it.
Jewellery
 u - a +4 ring of strength (right hand)
 C - a ring of resist corrosion (left hand)
 L - an amulet of regeneration (around neck)
 U - the amulet "Zuteuzec" {+Rage rF+ Dex+2}
   (You found it on level 11 of the Dungeon)

   [amulet of rage]

   It affects your dexterity (+2).
   It protects you from fire.
   It lets you go berserk.
Wands
 q - a wand of flame (2/48)
 A - a wand of confusion (34/48)
 M - a wand of iceblast (5/15)
 S - a wand of acid (6/15)
 T - a wand of acid (7/15)
Scrolls
 b - 9 scrolls of remove curse
 g - 2 scrolls of immolation
 m - a scroll of summoning {unknown}
 n - 2 scrolls of recharging
 r - a scroll of enchant armour
 t - 2 scrolls of blinking {unknown}
 y - 2 scrolls of enchant weapon {unknown}
 F - a scroll of random uselessness {unknown}
 H - a scroll of amnesia {unknown}
 J - a scroll of holy word {unknown}
 K - 2 scrolls of teleportation {unknown}
 P - a scroll of fear {unknown}
Potions
 d - a potion of might
 j - a potion of invisibility {unknown}
 k - 5 potions of heal wounds
 v - 3 potions of haste
 z - 4 potions of curing
 B - 2 potions of flight
 I - a potion of ambrosia
 O - a potion of mutation
 R - a potion of beneficial mutation
Comestibles
 f - 11 bread rations
 h - 3 royal jellies
 i - 5 meat rations
 w - 5 fruits
 x - 3 chunks of flesh
 E - 5 beef jerkies
 N - 8 slices of pizza


   Skills:
 - Level 7.3(12.3) Fighting
 + Level 15.5(20.5) Axes
 - Level 3.4(8.4) Armour
 - Level 2.6(7.6) Shields


You had 10 spell levels left.
You didn't know any spells.

Dungeon Overview and Level Annotations

Branches:
Dungeon (12/15)            Temple (1/1) D:6            Lair (0/6) D:9
    Orc (0/2) D:12

Altars:
Ashenzari
Cheibriados
Dithmenos
Hepliaklqana
Kikubaaqudgha
Makhleb
Nemelex Xobeh
Okawaru
Pakellas
Qazlal
Ru
Sif Muna
Trog
Uskayaw
Vehumet
Xom
Yredelemnul
Zin
The Shining One

Shops:
D:6 (   D:7 :   D:10 [

Annotations:
D:4 Moloch's ghost, amateur DsFi


Innate Abilities, Weirdness & Mutations

You have a pair of antennae on your head.
You are partially covered in molten scales. (AC +1)
You regenerate health from kills.


Message History

Unknown command.
You gain the combat prowess of a mighty hero.
You block the wolf simulacrum's attack.
You block the wolf spider simulacrum's attack.
The wolf spider simulacrum completely misses you.
The wolf spider simulacrum hits you but does no damage.
You block the wolf spider simulacrum's attack.
The wolf simulacrum bites you but does no damage.
There is an ice choked empty arch of ancient stone here.
You block the wolf simulacrum's attack. The wolf spider simulacrum hits you.
The wolf spider simulacrum freezes you!
* * * LOW HITPOINT WARNING * * *
You block the wolf spider simulacrum's attack.
Unknown command.
You block the wolf spider simulacrum's attack. x2
There is an ice covered gate leading back out of this place here.
You block the wolf simulacrum's attack. The wolf spider simulacrum hits you.
* * * LOW HITPOINT WARNING * * *
The wolf spider simulacrum freezes you!!
You die...

#####
##...##
##..@..##
#..ZZZ..#
#...Z...#
##.....##
##...##
#...#
...##
#...#
##...


You could see a wolf simulacrum, a polar bear simulacrum and 2 wolf spider
simulacra.

Vanquished Creatures
  Snorg (D:11)
  Harold (D:10)
  Erolcha (D:10)
  A hydra (D:12)
  The ghost of Moloch the Cleaver, a novice DsFi of Okawaru (D:8)
  An unseen horror (D:9)
  3 hill giants
  A gargoyle (D:12)
  A two-headed ogre (D:12)
  2 trolls
  Prince Ribbit (D:5)
  A slime creature (D:7)
  7 yaks
  Sigmund (D:6)
  Eustachio (D:4)
  A hippogriff (D:11)
  A human (D:7)
  A hungry ghost (D:11)
  A soldier ant (D:10)
  2 hell hounds (D:9)
  4 ice beasts
  A black bear (D:6)
  5 orc warriors
  A wasp (D:7)
  2 eyes of draining
  9 ogres
  2 phantoms (D:6)
  2 centaurs
  6 giant frogs
  A gnoll sergeant (D:12)
  4 scorpions
  5 killer bees (D:11)
  3 howler monkeys
  A giant frog zombie (D:5)
  3 crimson imps
  A gnoll shaman (D:5)
  A wasp zombie (D:11)
  A centaur zombie (D:7)
  2 jellies
  3 orc priests
  11 orc wizards
  2 giant frog skeletons (D:11)
  7 hounds
  A centaur skeleton (D:11)
  An iguana (D:5)
  5 worker ants
  A killer bee zombie (D:9)
  3 sheep (D:7)
  A hound skeleton (D:6)
  A worker ant zombie (D:8)
  20 gnolls
  13 adders
  3 shadow imps
  2 oozes
  An adder skeleton (D:3)
  An adder zombie (D:8)
  4 worms
  2 giant geckos
  37 orcs
  7 giant cockroaches
  16 goblins
  9 hobgoblins
  10 jackals
  A quokka (D:5)
  2 ball pythons
  8 bats
  2 giant gecko skeletons
  A giant gecko zombie (D:7)
  5 giant newts
  A jackal zombie (D:7)
  12 kobolds
  5 rats
282 creatures vanquished.

Notes
Turn   | Place    | Note
-------+----------+-------------------------------------------
     0 | D:1      | Moloch the Demonspawn Fighter began the quest for the Orb.
     0 | D:1      | Reached XP level 1. HP: 18/18 MP: 1/1
    94 | D:1      | Reached skill level 2 in Axes
   234 | D:1      | Gained mutation: You have a pair of small antennae on your head. [demonic ancestry]
   234 | D:1      | Reached XP level 2. HP: 15/24 MP: 2/2
   675 | D:1      | Reached skill level 3 in Axes
   989 | D:1      | Gained mutation: You regenerate a little health from kills. [demonic ancestry]
   989 | D:1      | Reached XP level 3. HP: 17/29 MP: 3/3
  2043 | D:3      | Gained mutation: You have a pair of antennae on your head. [demonic ancestry]
  2043 | D:3      | Reached XP level 4. HP: 35/35 MP: 4/4
  2139 | D:3      | Reached skill level 4 in Axes
  2240 | D:3      | Noticed an ogre
  2294 | D:3      | Killed an ogre
  2294 | D:3      | Reached XP level 5. HP: 16/42 MP: 5/5
  2409 | D:3      | Found a faded altar of an unknown god.
  2982 | D:4      | Reached skill level 5 in Axes
  2982 | D:4      | Gained mutation: You regenerate health from kills. [demonic ancestry]
  2982 | D:4      | Reached XP level 6. HP: 49/49 MP: 6/6
  3324 | D:4      | Noticed Moloch's ghost (amateur DsFi)
  3453 | D:4      | Noticed Eustachio
  3493 | D:4      | Killed Eustachio
  3493 | D:4      | Reached skill level 6 in Axes
  3493 | D:4      | Reached XP level 7. HP: 49/55 MP: 7/7
  4094 | D:5      | Entered Level 5 of the Dungeon
  4104 | D:5      | Reached skill level 7 in Axes
  4258 | D:5      | Reached skill level 8 in Axes
  4258 | D:5      | Reached XP level 8. HP: 37/61 MP: 8/8
  4413 | D:5      | Noticed Prince Ribbit
  4434 | D:5      | Killed Prince Ribbit
  4543 | D:5      | Reached skill level 9 in Axes
  4544 | D:5      | Found a deep blue altar of Sif Muna.
  4640 | D:5      | You fall through a shaft for 3 floors!
  4741 | D:7      | Found Aprehin's Book Shoppe.
  4783 | D:7      | Noticed a slime creature
  4804 | D:7      | Killed a slime creature
  4823 | D:7      | Reached skill level 10 in Axes
  5154 | D:6      | Noticed Sigmund
  5170 | D:6      | Killed Sigmund
  5170 | D:6      | Gained mutation: You are partially covered in molten scales. (AC +1) [demonic ancestry]
  5170 | D:6      | Reached XP level 9. HP: 57/66 MP: 9/9
  5215 | D:6      | Found a staircase to the Ecumenical Temple.
  5244 | Temple   | Entered the Ecumenical Temple
  5299 | Temple   | Became a worshipper of Warmaster Okawaru
  5372 | D:6      | Found Qoak's Antique Weapon Shoppe.
  5385 | D:6      | Bought a slimy hand axe for 176 gold pieces
  5385 | D:6      | Identified the +1 hand axe of Qisuwamn {drain, *Rage rF+ rN+ Str+2} (You bought it in a shop on level 6 of the Dungeon)
  5451 | D:6      | Found a snail-covered altar of Cheibriados.
  5560 | D:6      | Reached skill level 5 in Fighting
  5661 | D:6      | Reached skill level 11 in Axes
  6315 | D:7      | Reached * piety under Okawaru
  6684 | D:7      | Reached ** piety under Okawaru
  6687 | D:7      | Reached skill level 12 in Axes
  6980 | D:7      | Noticed a hill giant
  6992 | D:7      | Killed a hill giant
  6992 | D:7      | Reached XP level 10. HP: 48/76 MP: 10/10
  7648 | D:8      | Noticed Moloch's ghost (novice DsFi)
  7685 | D:8      | Killed Moloch's ghost
  7685 | D:8      | Reached *** piety under Okawaru
  7857 | D:9      | Found a staircase to the Lair.
  7997 | D:9      | Killed an unseen horror
  7997 | D:9      | Reached **** piety under Okawaru
  7997 | D:9      | Reached skill level 13 in Axes
  8858 | D:10     | Entered Level 10 of the Dungeon
  8944 | D:10     | Noticed Erolcha
  8948 | D:10     | Noticed a hill giant
  9101 | D:11     | Reached XP level 11. HP: 67/84 MP: 11/11
  9122 | D:10     | Noticed Harold
  9153 | D:10     | Killed Harold
  9247 | D:10     | Found Enanim's Antique Armour Shop.
  9253 | D:10     | Bought a pair of distressingly furry gloves for 294 gold pieces
  9258 | D:10     | Identified the cursed +0 pair of gloves of Death's Door {Int+3} (You bought it in a shop on level 10 of the Dungeon)
  9404 | D:10     | Killed Erolcha
  9404 | D:10     | Reached skill level 14 in Axes
  9526 | D:10     | Killed a hill giant
  9526 | D:10     | Reached ***** piety under Okawaru
  9839 | D:11     | Noticed Snorg
  9853 | D:11     | Killed Snorg
  9936 | D:11     | Noticed a hill giant
  9955 | D:11     | Killed a hill giant
 10002 | D:11     | Got a vibrating brass amulet
 10003 | D:11     | Identified the amulet "Zuteuzec" {+Rage rF+ Dex+2} (You found it on level 11 of the Dungeon)
 10154 | D:12     | Reached skill level 15 in Axes
 10206 | D:12     | Found a frozen archway.
 10254 | D:12     | Noticed a six-headed hydra
 10265 | D:12     | Killed a six-headed hydra
 10345 | IceCv    | Entered an ice cave
 10354 | IceCv    | Mangled by a wolf spider simulacrum

Vault maps used:
D:1:      ncdulo_lavacross, st_stairs_1, kennysheep_decorative_pillar,
          minivault_5, kennysheep_small_spiral
D:3:      ecumenical_altar_1, minmay_ogre_servants
D:4:      first_bread, uniq_eustachio
D:5:      basic_altar, uniq_prince_ribbit1
D:6:      cheibriados_altar_wand_db, serial_shops, shop, uniq_sigmund
D:7:      minmay_cornered_nines, serial_shops, shop_statue, grunt_livestock,
          minmay_joined_circles
D:9:      minmay_lair_entry_lava
D:10:     serial_shops, nicolae_shop_crystal, st_stairs_8, uniq_harold,
          uniq_erolcha
D:11:     uniq_snorg
D:12:     erik_orc_2, portal_ice_cave_entry_pillars_1, serial_shops,
          nicolae_shop_crystal, uniq_josephine
Temple:   regret_index_temple_sigil_plot
IceCv:    ice_cave_small_necro

Skill      XL: |  1  2  3  4  5  6  7  8  9 10 11 |
---------------+----------------------------------+-----
Axes           | 2 3 4 5 6 8 10 12 13 15 | 15.5
Fighting       | 4 6 7 |  7.3
Armour         | 3 |  3.4
Shields        | |  2.6

Action                   |  1- 3 |  4- 6 |  7- 9 | 10-12 || total
-------------------------+-------+-------+-------+-------++-------
Melee: War axe           |    74 |       |   238 |   342 ||   654
       Whip              |    64 |   208 |   238 |     6 ||   516
Invok: Heroism           |       |       |       |    12 ||    12
Evoke: Wand              |       |       |     2 |    25 ||    27
  Use: Scroll            |       |     4 |     9 |     6 ||    19
       Potion            |       |       |       |     6 ||     6
 Stab: Confused          |       |       |       |     1 ||     1
  Eat: Chunk             |     2 |     7 |    11 |    13 ||    33
Armor: Scale mail        |    64 |       |       |       ||    64
       Crystal plate arm |    11 |   177 |   280 |   210 ||   678
       Skin              |       |       |       |    10 ||    10
Dodge: Dodged            |    29 |     6 |    11 |    23 ||    69
Block: Shield            |    67 |    88 |   156 |   125 ||   436
